[Event "*** Titled Tuesday Blitz"]
[Site "Chess.com"]
[Date "2019.03.05"]
[Round "4"]
[White "Maili15"]
[Black "Fivetrick"]
[Result "1/2-1/2"]
[WhiteElo "2277"]
[BlackElo "2458"]
[TimeControl "180+2"]
[EndTime "13:57:36 PST"]
[Termination "Game drawn by repetition"]

1. d4 Nf6 2. c4 g6 3. Nc3 Bg7 4. e4 d6 5. f4 O-O 6. Nf3 c5 7. d5 e6 8. Be2 exd5 9. cxd5 a6 10. O-O b5 11. e5 Nfd7 12. e6 fxe6 13. Ng5 Nf6 14.
Nxe6 Bxe6 15. dxe6 Ra7 16. Nd5 Nc6 17. Be3 Nxd5 18.
Qxd5 Ne7 19. Qd2 Nf5 20. Bf2 Qf6 21. Bf3 Re7 22. Rad1 Nd4 23. Bd5 Qxf4 24. Be3 Qe5 25. Rxf8+ Kxf8 26. Rf1+ Kg8 27. Rf7 Rxf7 28. exf7+ Kf8 29.
Bf3 Kxf7 30. Qf2 Nxf3+ 31. Qxf3+ Bf6 32. Qb7+ Ke6 33. Bf2 Qxb2 34. Qc8+ Kd5 35. Qg8+ Ke5 36. Bg3+ Kf5 37. Qc8+ Kg5 38. h4+ Kh5 39. Kh2 Be5 40. Kh3 Bxg3 41. Qg4+ Kh6 42. Qg5+ Kg7 43. Qe7+ Kg8 44.
Qe8+ Kg7 45. Qe7+ Kh6 46. Qg5+ Kg7 47. Qe7+ Kg8 48. Qe8+ Kg7 49. Qe7+ Kh6 50. Qg5+ Kg7 51. Qe7+ 1/2-1/2

[Event "*** Titled Tuesday Blitz"]
[Site "Chess.com"]
[Date "2019.03.05"]
[Round "4"]
[White "Salem-AR"]
[Black "DanielMieles1985"]
[Result "1/2-1/2"]
[WhiteElo "2922"]
[BlackElo "2602"]
[TimeControl "180+2"]
[EndTime "13:57:38 PST"]
[Termination "Game drawn by agreement"]

1. d4 Nf6 2. c4 g6 3. Nc3 d5 4. cxd5 Nxd5 5. e4 Nxc3 6. bxc3 Bg7 7. Bc4 c5 8. Ne2 Nc6 9. Be3 O-O 10. O-O e6 11. Rc1 b6 12. Qd2 Bb7 13. f3 cxd4 14.
cxd4 Rc8 15. Rfd1 Qd6 16. h4 h5 17. e5 Qb4 18. Qxb4 Nxb4 19. Nf4 Rc6 20. a3 Rfc8 21.
Bxe6 Rxc1 22. Rxc1 Rxc1+ 23. Bxc1 fxe6 24. axb4 Kf7 25. Nh3 a5 26. bxa5 bxa5 27. Ba3 Bh6 28. Kf2 a4 29. g4 hxg4 30. fxg4 Bd2 31. Ke2 Bg2 32. Nf2 Bc3 33. Kd3 Be1 34. Ke2 Bxf2 35. Kxf2 Be4 36. Ke3 Bd5 37. Kf4 Bc4 38. Kg5 Bd5 39. Kh6 Bc4 40.
Kg5 Bd5 41. Bb4 Bc4 42. h5 gxh5 43. Kxh5 Bd5 44. Kh6 Bc4 45. g5 Bd3 46. Ba3 Be4 47. Bc5 Bf5 48. Bb4 Be4 49. Kh5 Bg6+ 50. Kg4 Be4 51.
Kf4 Bd5 52. Kg4 Kg6 53. Kf4 Bc6 54. Ba3 Bd5 55. Bc1 Bc6 56. Kg4 Bd5 57. Ba3 Bc6 58. Be7 Bd5 59. Ba3 Bc6 1/2-1/2

[Event "*** Titled Tuesday Blitz"]
[Site "Chess.com"]
[Date "2019.03.05"]
[Round "4"]
[White "Durarbayli"]
[Black "wannabe2700"]
[Result "1-0"]
[WhiteElo "2773"]
[BlackElo "2557"]
[TimeControl "180+2"]
[EndTime "13:57:38 PST"]
[Termination "Durarbayli won by checkmate"]

1. d4 Nf6 2. c4 e6 3. Nc3 Bb4 4.
Nf3 O-O 5. Bg5 b6 6. Qb3 c5 7. d5 h6 8. Bh4 g5 9. Nxg5 hxg5 10. Bxg5 d6 11. O-O-O Nbd7 12. Nb5 Ne5 13. f4 Neg4 14.
dxe6 Qe7 15. h3 Nf2 16. Bxf6 Qxf6 17. Qg3+ Kh8 18. Qxf2 Bxe6 19. e3 Rad8 20. Nc7 b5 21. Nd5 Qg7 22. Qh4+ Qh7 23. Qxh7+ Kxh7 24. cxb5 c4 25.
Nxb4 d5 26. g4 f5 27. g5 Kg6 28. Be2 Rh8 29. h4 Kg7 30. h5 Bf7 31. h6+ Kf8 32. Nc6 Rd6 33. Nd4 Rb6 34. Nxf5 Rxb5 35. Nd6 Rb6 36. Nxf7 Kxf7 37. Rxd5 Ke6 38. Bxc4 Rc8 39. Rd4+ Kf5 40. b3 Kg4 41. h7 Rh8 42. g6 Rxg6 43. Rg1+ Kh5 44. Rxg6 Kxg6 45. Bd3+ Kf6 46. Kd2 a5 47.
Rd6+ Ke7 48. Ra6 Kf7 49. e4 a4 50. b4 a3 51. e5 Kg7 52. b5 Kf7 53. f5 Kg7 54. f6+ Kh6 55. Ke3 Kg5 56. Ra7 Kh6 57. Rg7 Kh5 58. Kf4 Kh6 59. Rg1 Rxh7 60. Rh1# 1-0

[Event "*** Titled Tuesday Blitz"]
[Site "Chess.com"]
[Date "2019.03.05"]
[Round "4"]
[White "2nd_life"]
[Black "KRASAVCHIK2002"]
[Result "1/2-1/2"]
[WhiteElo "2398"]
[BlackElo "2318"]
[TimeControl "180+2"]
[EndTime "13:57:38 PST"]
[Termination "Game drawn by agreement"]

1. e4 c5 2. Nf3 d6 3. d4 cxd4 4. Nxd4 Nf6 5. Nc3 a6 6. Be3 e5 7. Nb3 Be6 8. f3 Be7 9. Qd2 O-O 10. O-O-O a5 11. Bb5 Na6 12. Kb1 Nc7 13. Qe2 Nxb5 14.
Qxb5 a4 15. Nc5 Bc8 16. N5xa4 Bd7 17. Qb3 Qa5 18. Nb6 Be6 19. Ncd5 Nxd5 20. Nxd5 Bd8 21.
a3 b5 22. Qb4 Qa6 23. Nc3 Ba5 24. Qxd6 Qxd6 25. Rxd6 Bxc3 26. bxc3 Rxa3 27. Bc5 Rxc3 28. Rxe6 Rxc5 29. Rb6 Rfc8 30. Rc1 h5 31. h4 R8c6 32. Rxc6 Rxc6 33. Rd1 Rg6 34. Rd2 Rb6 35. Kb2 b4 36. Kb3 f6 37. Rd8+ Kf7 38. Rd7+ Kg6 39. Rc7 Rd6 40.
Kxb4 Rd2 41. g4 hxg4 42. fxg4 Rg2 43. g5 Rg4 44. c4 Rxe4 45. h5+ Kxg5 46. Rxg7+ Kxh5 47. Kc5 Re1 48. Kd5 f5 49. c5 f4 50. c6 Rc1 51.
Kxe5 Rxc6 52. Kxf4 1/2-1/2

[Event "*** Titled Tuesday Blitz"]
[Site "Chess.com"]
[Date "2019.03.05"]
[Round "4"]
[White "Siemba"]
[Black "MatBobula"]
[Result "0-1"]
[WhiteElo "2104"]
[BlackElo "2284"]
[TimeControl "180+2"]
[EndTime "13:57:42 PST"]
[Termination "MatBobula won by resignation"]

1. e4 e6 2. d4 d5 3. Nc3 Bb4 4.
e5 c5 5. a3 Bxc3+ 6. bxc3 Ne7 7. Qg4 Kf8 8. Nf3 Qa5 9. Bd2 Qa4 10. Bd3 b6 11. h4 Ba6 12. h5 h6 13. Rh3 Bxd3 14.
cxd3 Nbc6 15. Rg3 Nf5 16. dxc5 Qxg4 17. Rxg4 bxc5 18. Rb1 Rb8 19. Rxb8+ Nxb8 20. Ra4 Nc6 21. Ra6 Nfe7 22. d4 c4 23. a4 Ke8 24. Bc1 Kd7 25. Ba3 Nc8 26. Bd6 Nxd6 27. exd6 f6 28.
Nh4 Kxd6 29. Ng6 Rc8 30. Kd2 Rc7 31. f4 Rc8 32. g4 Re8 33. f5 Kc7 34. fxe6 Rxe6 35.
Nf4 Rd6 36. Rxc6+ Kxc6 37. Kc2 Rd7 38. Kd2 Re7 39. Ng6 Re4 40. Nf8 Rxg4 41. Ne6 Kd6 42. Nc5 Rg5 43. Nb7+ Kc7 44. Nc5 Rxh5 45. Ne6+ Kd6 46.
Nxg7 Rh2+ 47. Ke3 Rc2 48. Nf5+ Kd7 49. Nxh6 Rxc3+ 50. Ke2 Ra3 51. Ng4 Ke6 52. Ne3 Rxa4 53. Nc2 Ra2 54. Kd2 Rxc2+ 55. Kxc2 Kf5 56. Kc3 Ke4 0-1

[Event "*** Titled Tuesday Blitz"]
[Site "Chess.com"]
[Date "2019.03.05"]
[Round "4"]
[White "SerGo055"]
[Black "diskeleven"]
[Result "1-0"]
[WhiteElo "2475"]
[BlackElo "2279"]
[TimeControl "180+2"]
[EndTime "13:57:42 PST"]
[Termination "SerGo055 won by checkmate"]

1. d4 f5 2. g4 fxg4 3. h3 g3 4. fxg3 e5 5. dxe5 Nc6 6. Nf3 d6 7. Bg2 Bf5 8. O-O dxe5 9. Qxd8+ Rxd8 10. Ng5 Bc5+ 11. Kh2 Nh6 12. Ne4 Be7 13. Bxh6 Bxe4 14. Bxe4 gxh6 15. Nc3 Nd4 16. e3 Nc6 17. Rad1 Rxd1 18.
Rxd1 Nd8 19. Bf5 c6 20. Ne4 Rf8 21. Bxh7 Kf7 22. Rf1+ Ke6 23. Rxf8 Bxf8 24. Kg2 a5 25. Kf3 a4 26. g4 a3 27. b3 Nf7 28. Bg8 Ke7 29. Bxf7 Kxf7 30. Ng3 Ke6 31. Ke4 b5 32. c4 Kf6 33. Nf5 Ke6 34. h4 bxc4 35. bxc4 Kf6 36.
Ng3 Bc5 37. Kd3 Bb4 38. Ne4+ Ke6 39. g5 hxg5 40. Nxg5+ Kf5 41. Ne4 Bf8 42. Nd2 Kg4 43. Ke4 Bg7 44. Nf3 c5 45. Nxe5+ Kxh4 46. Nd3 Bf8 47. Kd5 Kg4 48. Nxc5 Kf3 49. e4 Ke3 50. Ne6 Be7 51. c5 Bxc5 52. Nxc5 Kd2 53. e5 Kc3 54. e6 Kb2 55. e7 Kxa2 56. e8=Q Kb2 57. Qe2+ Kb1 58. Nd3 Ka1 59. Kc4 Kb1 60. Kb3 Ka1 61.
Qe1# 1-0

[Event "*** Titled Tuesday Blitz"]
[Site "Chess.com"]
[Date "2019.03.05"]
[Round "4"]
[White "GrigorGrigorov"]
[Black "Tocras"]
[Result "1/2-1/2"]
[WhiteElo "2825"]
[BlackElo "2629"]
[TimeControl "180+2"]
[EndTime "13:57:43 PST"]
[Termination "Game drawn by agreement"]

1. Nf3 Nf6 2. g3 g6 3. Bg2 Bg7 4. O-O O-O 5. d4 d6 6. c4 Nc6 7. Nc3 e5 8. dxe5 dxe5 9. Bg5 Be6 10. Nd2 h6 11. Bxf6 Bxf6 12. Nd5 Bg7 13. Ne4 f5 14. Nc5 Bc8 15. Qb3 Nd4 16. Qd1 c6 17. Nc3 Qe7 18.
Nb3 Be6 19. e3 Bxc4 20. exd4 Bxf1 21. Qxf1 e4 22. Re1 Qb4 23. Qe2 a5 24. Rd1 a4 25.
Nc5 a3 26. Nb3 Rfd8 27. Bf1 axb2 28. Qc4+ Qxc4 29. Bxc4+ Kh7 30. a4 Rd6 31. Rb1 Bxd4 32. Nxd4 Rxd4 33. Bb3 Rb4 34. Rxb2 Rd8 35. Na2 Rb6 36.
Bg8+ Kxg8 37. Rxb6 Rd1+ 38. Kg2 Rd2 39. Nc3 e3 40.
Rxb7 Rxf2+ 41. Kg1 Rc2 42. Rb3 g5 43. Kf1 f4 44. gxf4 gxf4 45. Ne4 Rxh2 46. Ra3 Rc2 47. a5 f3 48. Rxe3 Ra2 49. Rxf3 Rxa5 50. Nd6 Rd5 51. Nc8 Kg7 52. Ke2 Rd8 53. Nb6 Re8+ 54.
Kf2 Rf8 55. Nd7 Rxf3+ 56. Kxf3 c5 1/2-1/2

[Event "*** Titled Tuesday Blitz"]
[Site "Chess.com"]
[Date "2019.03.05"]
[Round "4"]
[White "Mikhail_Golubev"]
[Black "saraswathii"]
[Result "0-1"]
[WhiteElo "2445"]
[BlackElo "2258"]
[TimeControl "180+2"]
[EndTime "13:57:45 PST"]
[Termination "saraswathii won by resignation"]

1. e4 c5 2. Nf3 e6 3. d4 cxd4 4. Nxd4 Nf6 5. Nc3 Nc6 6. a3 d5 7. Bb5 Bd7 8. exd5 exd5 9. O-O Be7 10. Re1 O-O 11. Bf4 a6 12. Nxc6 bxc6 13. Bd3 Re8 14.
Qf3 Qb6 15. Be5 Be6 16. h3 Nd7 17. Bxh7+ Kxh7 18. Qh5+ Kg8 19. Bxg7 Kxg7 20. Re3 Bf6 21. Rg3+ Kf8 22. Re1 Ke7 23. Qf5 Rg8 24. Rxe6+ fxe6 25. Qh7+ Rg7 26. Rxg7+ Bxg7 27. Qxg7+ Kd6 28. h4 Rf8 29. Nd1 Qd8 30. Qg3+ e5 31. Ne3 Qf6 32. c4 d4 33. Ng4 Qf4 34. Qh3 Qc1+ 35. Kh2 Qxb2 36. h5 Qc3 37. Qh4 d3 38. h6 e4 39. h7 Qg7 40. Ne3 Kc7 41. Qxe4 Rh8 42. g3 Qxh7+ 43.
Qxh7 Rxh7+ 44. Kg2 d2 45. Kf3 Ne5+ 46. Ke2 Rd7 47. f4 Nxc4 48. Nd1 Nxa3 49. g4 c5 50. f5 c4 51. g5 Nb5 52. f6 c3 53. g6 c2 54. f7 cxd1=Q+ 55. Kxd1 Nc3+ 0-1

[Event "*** Titled Tuesday Blitz"]
[Site "Chess.com"]
[Date "2019.03.05"]
[Round "4"]
[White "Andrew-FB00"]
[Black "BillForster"]
[Result "1/2-1/2"]
[WhiteElo "1848"]
[BlackElo "1723"]
[TimeControl "180+2"]
[EndTime "13:57:45 PST"]
[Termination "Game drawn by agreement"]

1. e4 c5 2. Nf3 a6 3. c3 e6 4. d4 d5 5. exd5 Qxd5 6. Be3 Nf6 7. Be2 cxd4 8. Bxd4 Nc6 9. Bxf6 Qxd1+ 10. Bxd1 gxf6 11. O-O Bd7 12. Nbd2 O-O-O 13. Nc4 Kc7 14. Bc2 Bc5 15. Rad1 Bc8 16. Rfe1 h5 17. g3 b5 18. Ne3 Bb7 19. Nd2 Ne5 20. Kf1 h4 21. Be4 Nd3 22. Bxd3 Rxd3 23. Nb3 Rxd1 24. Nxd1 hxg3 25. hxg3 Rh1+ 26. Ke2 Bf3+ 27. Kd2 Bb6 28. Rxh1 Bxh1 29. Ne3 Bf3 30. Kd3 Kd6 31. Nd4 Bxd4 32. Kxd4 e5+ 33. Kd3 Ke6 34. b3 Bb7 35. c4 Kd6 36. cxb5 axb5 37. b4 Kc6 38. a3 Kd6 39. Nf5+ Ke6 40. g4 Bd5 41. Ne3 Bb7 42. Ke2 Bc6 43.
Kd3 Bb7 44. Nc2 Bc6 45. Ne3 Bb7 46. Nc2 1/2-1/2

[Event "*** Titled Tuesday Blitz"]
[Site "Chess.com"]
[Date "2019.03.05"]
[Round "4"]
[White "Swarnapuri"]
[Black "Pechen_Yeltsina"]
[Result "1-0"]
[WhiteElo "2719"]
[BlackElo "2647"]
[TimeControl "180+2"]
[EndTime "13:57:47 PST"]
[Termination "Swarnapuri won by checkmate"]

1. d4 g6 2. Bf4 Bg7 3. e3 d6 4.
Nf3 Nd7 5. h3 e5 6. Bh2 Ne7 7.
Be2 O-O 8. O-O b6 9. a4 Bb7 10. a5 h6 11. Na3 Nf5 12. c3 Nh4 13. Nxh4 Qxh4 14. Nb5 Qd8 15. a6 Bc6 16. Na3 Nf6 17.
dxe5 dxe5 18. Bxe5 Qe7 19. Bh2 Rad8 20. Qb3 Rd2 21.
Rfe1 Ne4 22. Nc4 Nc5 23. Qb4 Rd7 24. Bg3 Rfd8 25. Kh2 h5 26. Kg1 Qg5 27. h4 Qf5 28. Bf1 Ne4 29. Bf4 Bh6 30. f3 Bf8 31. fxe4 Qxe4 32.
Qb3 Rd2 33. Nxd2 Rxd2 34. Qc4 Rxg2+ 35. Kh1 Rg4+ 36. Qxe4 Bxe4+ 37. Kh2 Be7 38. Bg3 g5 39. Bh3 Rxg3 40. Kxg3 Bd6+ 41. Kf2 gxh4 42. Rg1+ Kf8 43. Ra4 f5 44. Rxe4 fxe4 45. Rg5 Bg3+ 46. Ke2 Kf7 47. Rxh5 Kf6 48. b3 Kg6 49. Rd5 Kf7 50. Rd4 Ke7 51.
Rxe4+ Kd6 52. b4 Kc6 53. c4 b5 54. Re6+ Bd6 55. Kd3 bxc4+ 56. Kxc4 Kb6 57. b5 Ka5 58. e4 Ka4 59. e5 Bb4 60. Rg6 c5 61. e6 Bc3 62. e7 Ka3 63. e8=Q Bb4 64. Qe2 Ka4 65. Rg2 Ba3 66. Qc2+ Ka5 67. Qb3 Bb4 68. Ra2+ Kb6 69.
Qf3 Kc7 70. Qc6+ Kd8 71. Qd7# 1-0

[Event "*** Titled Tuesday Blitz"]
[Site "Chess.com"]
[Date "2019.03.05"]
[Round "4"]
[White "vladimir_petrov"]
[Black "ShadyH9"]
[Result "0-1"]
[WhiteElo "2373"]
[BlackElo "2301"]
[TimeControl "180+2"]
[EndTime "13:57:48 PST"]
[Termination "ShadyH9 won by checkmate"]

1. e4 c5 2. Nf3 Nc6 3. d4 cxd4 4. Nxd4 g6 5. Nc3 Bg7 6. Be3 Nf6 7. Bc4 Qa5 8. O-O O-O 9. Nb3 Qc7 10. Be2 d6 11. f4 b6 12. Bf3 Rd8 13. Qe2 Bb7 14. Rae1 Rac8 15. Nd4 Nb4 16. a3 Nc6 17. e5 dxe5 18.
Nxc6 Bxc6 19. Bxc6 exf4 20. Bxf4 Qxc6 21. Qxe7 Re8 22.
Qxa7 Ng4 23. Bg3 f5 24. Qa4 Qc5+ 25. Kh1 Ne3 26. Bf2 Bd4 27. Re2 f4 28. Rfe1 Qg5 29. Bxe3 Bxe3 30. Qb3+ Kh8 31. Nd5 Rcd8 32. Qc3+ Kg8 33.
Nf6+ Kf7 34. Nxe8 Rxe8 35. Qc4+ Kg7 36. Qc3+ Kg8 37. Rd1 Rf8 38. Rd7 Qh6 39. Qc4+ Kh8 40. Qc3+ Kg8 41. Qb3+ Kh8 42. Qxb6 f3 43. Qxe3 Qxe3 44. Rxe3 f2 45. Rf3 f1=Q+ 46. Rxf1 Rxf1# 0-1

[Event "*** Titled Tuesday Blitz"]
[Site "Chess.com"]
[Date "2019.03.05"]
[Round "4"]
[White "CzechmVIII"]
[Black "Saitama_Hero"]
[Result "1-0"]
[WhiteElo "2144"]
[BlackElo "2220"]
[TimeControl "180+2"]
[EndTime "13:57:50 PST"]
[Termination "CzechmVIII won on time"]

1. e4 c5 2. Nf3 g6 3. d4 cxd4 4. Qxd4 Nf6 5. Nc3 Nc6 6. Qa4 d6 7. e5 dxe5 8. Nxe5 Qd4 9. Nxc6 Qxa4 10. Nxa4 bxc6 11. Bd2 Bf5 12. O-O-O Bg7 13. f3 O-O 14. g4 Be6 15. b3 a5 16. Be2 Nd5 17. a3 Rfb8 18.
Rhe1 Be5 19. Bc4 Bxh2 20. Nc5 Bc8 21. Bxd5 cxd5 22. Rxe7 Bd6 23. Re8+ Kg7 24. Bc3+ f6 25. Rxd5 Bf4+ 26. Kb2 Ra7 27. Rdd8 Rc7 28. Ne6+ Bxe6 29. Rxb8 Bf7 30. Rec8 Re7 31. Rb6 Be6 32. Ra8 h5 33. Raa6 Kf7 34. gxh5 gxh5 35. Bxa5 h4 36. Bb4 Be5+ 37.
Ka2 Re8 38. Rb7+ Kg6 39. Raa7 Rg8 40. Rh7 h3 41. Rh4 Kg5 42. Rah7 h2 43. Bd2+ Kg6 44. R4h6+ Kf5 45. Rh5+ Kg6 46. R5h6+ Kf5 47. Rh5+ Kg6 48. Rxh2 Bxh2 49. Rxh2 Rc8 50. Kb2 Kf5 51. Bc3 Bd5 52. Rh6 Rc6 53. f4 Be4 54. a4 1-0

[Event "*** Titled Tuesday Blitz"]
[Site "Chess.com"]
[Date "2019.03.05"]
[Round "4"]
[White "BIG_Pirate"]
[Black "W_Amadeus"]
[Result "1/2-1/2"]
[WhiteElo "2373"]
[BlackElo "2624"]
[TimeControl "180+2"]
[EndTime "13:57:51 PST"]
[Termination "Game drawn by agreement"]

1. Nf3 d6 2. c4 e5 3. Nc3 f5 4. d3 Nf6 5. g3 g6 6. Bg2 Bg7 7. O-O O-O 8. Bg5 Nbd7 9. Nd5 c6 10.
Nxf6+ Nxf6 11. c5 Re8 12. cxd6 Qxd6 13. Rc1 Be6 14. Qa4 Nd5 15. Rfd1 Qb4 16. Qxb4 Nxb4 17. a3 Nd5 18. Bd2 e4 19. dxe4 fxe4 20. Ng5 Bf5 21.
Bc3 Nxc3 22. bxc3 h6 23. Nh3 g5 24. Kf1 Red8 25. Ke1 Rxd1+ 26. Kxd1 Rd8+ 27. Ke1 Bf8 28. Ra1 Rd5 29. Ng1 Bg7 30. Rc1 Ra5 31. e3 Rxa3 32.
Ne2 c5 33. g4 Bxg4 34. Bxe4 b6 35. Bd5+ Kf8 36. c4 Ra1 37. Rxa1 Bxa1 38. Ng3 a5 39. Kd2 a4 40. Kc2 Ke7 41. Ne4 Be5 42. Nc3 a3 43. Kb3 Bxh2 44. Kxa3 Bg1 45. f3 Bd7 46. f4 Bxe3 47. fxg5 Bxg5 48. Na4 Bxa4 49. Kxa4 Bd2 50. Kb3 Kf6 51. Kc2 Ba5 52. Kd3 Ke5 53.
Bc6 h5 54. Ke2 h4 55. Kf2 Kf4 56. Kg2 Ke3 57. Kh3 Be1 58. Bb5 Bg3 59. Ba6 Kd4 60. Bb5 1/2-1/2

[Event "*** Titled Tuesday Blitz"]
[Site "Chess.com"]
[Date "2019.03.05"]
[Round "4"]
[White "Marcus_Harvey"]
[Black "mishanick"]
[Result "0-1"]
[WhiteElo "2595"]
[BlackElo "2972"]
[TimeControl "180+2"]
[EndTime "13:57:52 PST"]
[Termination "mishanick won by resignation"]

1. Nf3 Nf6 2. b3 g6 3. Bb2 Bg7 4. e3 O-O 5. Be2 d5 6. O-O c6 7.
c4 Bf5 8. Nc3 Nbd7 9. Rc1 Rc8 10. d4 Qa5 11. a3 Ne4 12. b4 Nxc3 13. Bxc3 Qxa3 14. Qd2 Qb3 15. Ra1 Nb6 16. Bd1 Qxc4 17. Be2 Qb3 18. Bd1 Qc4 19. Ra3 Qb5 20. Ra5 Nc4 21.
Rxb5 Nxd2 22. Rxb7 Nxf1 23. Kxf1 Bd3+ 24. Ke1 e6 25.
Kd2 Ba6 26. Rxa7 Ra8 27. Rxa8 Rxa8 28. Bb3 Bb5 29. Ne1 Bf8 30. Kc2 Rb8 31. Kb2 Bf1 32. Ka3 Ra8+ 33. Kb2 Bd6 34. g3 h5 35. h4 Bb5 36.
Nf3 Rb8 37. Ka3 Kf8 38. Ne5 Ke7 39. Bc2 Ra8+ 40. Kb2 Bxe5 41. dxe5 Bc4 42. Bb1 c5 43. bxc5 Kd7 44. Bd4 Kc6 45. Bc2 Rb8+ 46. Kc3 Bb5 47. e4 dxe4 48. Bxe4+ Kd7 49. f3 Bc6 50. Bf2 Bxe4 51.
fxe4 Kc6 52. Kd4 Rb3 53. Be1 Rf3 54. Bd2 Rxg3 55. Bg5 Rxg5 56. hxg5 h4 57. Ke3 Kxc5 0-1

[Event "*** Titled Tuesday Blitz"]
[Site "Chess.com"]
[Date "2019.03.05"]
[Round "4"]
[White "STAYFlow"]
[Black "yuki_chess123"]
[Result "1-0"]
[WhiteElo "2246"]
[BlackElo "2132"]
[TimeControl "180+2"]
[EndTime "13:57:52 PST"]
[Termination "STAYFlow won by resignation"]

1. d4 g6 2. Nf3 Bg7 3. g3 Nf6 4.
Bg2 d6 5. c4 O-O 6. Nc3 Nbd7 7.
O-O e5 8. e4 Re8 9. h3 exd4 10.
Nxd4 Nc5 11. Qc2 Bd7 12. Be3 Qc8 13. Kh2 Re5 14. Nd5 Nxd5 15. cxd5 a5 16. f4 Re8 17.
Rae1 f5 18. e5 Qd8 19. e6 Bc8 20. Bf2 Qf6 21. Nf3 Qxb2 22. Qxb2 Bxb2 23. Rb1 Bf6 24. Bxc5 dxc5 25. Rfc1 Be7 26. Ne5 Bd6 27. Nc4 Rd8 28.
Nxd6 cxd6 29. g4 Kf8 30. gxf5 gxf5 31. h4 Ke7 32. Bh3 Rf8 33. Rg1 Bxe6 34. Rbe1 Rf6 35. Rg7+ Kf8 36. Rxb7 Bxd5 37. Rxh7 Kg8 38. Rd7 Raf8 39.
Rg1+ Kh8 40. Rgg7 Bg8 41. Rg5 Rh6 42. Kg3 Re8 43. Bxf5 Re3+ 44. Kf2 Ra3 45. Rd8 Rxa2+ 46. Kg3 Ra3+ 47. Kg4 Rg6 48. Rxg6 Kh7 49. Rgxg8+ Kh6 50. Rd7 1-0

[Event "*** Titled Tuesday Blitz"]
[Site "Chess.com"]
[Date "2019.03.05"]
[Round "4"]
[White "Gr3egor"]
[Black "grzechu96"]
[Result "1-0"]
[WhiteElo "2507"]
[BlackElo "2539"]
[TimeControl "180+2"]
[EndTime "13:57:54 PST"]
[Termination "Gr3egor won by resignation"]

1. d4 d5 2. c4 c6 3. cxd5 cxd5 4. Nc3 Nf6 5. Bf4 Nc6 6. e3 Bf5 7. Qb3 Na5 8. Qa4+ Bd7 9. Qc2 e6 10. Bd3 Nc6 11. a3 Be7 12. Nf3 Rc8 13. O-O Nh5 14. Be5 Nxe5 15. Nxe5 Nf6 16. Qb3 Rb8 17. Nxd7 Nxd7 18. f4 O-O 19. Rf3 f5 20. h3 Nf6 21.
Kh1 a6 22. Na4 Qc7 23. Rff1 b5 24. Nc5 Bxc5 25. Rac1 Nd7 26. dxc5 Qc6 27. Qc3 g6 28. b4 Rfe8 29. Ra1 e5 30. fxe5 Rxe5 31. a4 Rxe3 32. Bxb5 Rxc3 33. Bxc6 Nf6 34. Rab1 d4 35. Rf3 Rc4 36.
Rfb3 Kg7 37. Kh2 Ne4 38. Bxe4 fxe4 39. b5 axb5 40. Rxb5 Rxb5 41. axb5 Rxc5 42. b6 Rc8 43. Rb4 Rd8 44. b7 e3 45. Rxd4 Rb8 46. Rd7+ Kf6 47. Kg3 h5 48. Kf3 Ke6 49. Rg7 Kf6 50. Rc7 Kg5 51.
Kxe3 Kf5 52. Kd4 Kf4 53. Rg7 g5 54. Kc5 g4 55. hxg4 hxg4 56. Kc6 Kg3 57. Kc7 Rg8 58.
Rxg8 1-0

[Event "*** Titled Tuesday Blitz"]
[Site "Chess.com"]
[Date "2019.03.05"]
[Round "4"]
[White "GadimbayliA"]
[Black "bootstar"]
[Result "1-0"]
[WhiteElo "2849"]
[BlackElo "2608"]
[TimeControl "180+2"]
[EndTime "13:57:55 PST"]
[Termination "GadimbayliA won by checkmate"]

1. e4 c5 2. Nf3 Nc6 3. Bb5 d6 4.
O-O Bd7 5. Nc3 a6 6. Bxc6 Bxc6 7. d4 cxd4 8. Nxd4 Rc8 9. Re1 e6 10. Nd5 e5 11. Nf5 g6 12. Nfe3 Bg7 13. a4 Ne7 14. c3 O-O 15. Nxe7+ Qxe7 16. Nd5 Qe6 17. Bg5 Rfe8 18. Nb6 Rc7 19. Qd2 f6 20. Bh4 g5 21. Bg3 Bf8 22. Rad1 Qb3 23. a5 Qe6 24. f3 h5 25. Bf2 h4 26. h3 Rd8 27. c4 Re8 28. b3 Kf7 29. Re2 Kg6 30. Qd3 f5 31. b4 fxe4 32. fxe4 Rb8 33. Be3 Be7 34. b5 Be8 35.
Nd5 Rcc8 36. Nxe7+ Qxe7 37. Rf2 Rd8 38. Rf5 axb5 39.
cxb5 Rbc8 40. a6 bxa6 41. bxa6 Kh7 42. Bxg5 Qa7+ 43. Be3 Qc7 44. Qe2 Bg6 45. Rf6 Qc3 46. Rxg6 Kxg6 47. Qg4+ Kh7 48. Qxh4+ Kg8 49. Qg5+ Kh7 50.
Rf1 Rf8 51. Qh6+ Kg8 52. Qe6+ Kg7 53. Bh6+ Kh7 54. Bxf8 Qe3+ 55. Kh1 Rc1 56. Qf7+ Kh8 57. Qg7# 1-0

[Event "*** Titled Tuesday Blitz"]
[Site "Chess.com"]
[Date "2019.03.05"]
[Round "4"]
[White "LLRChess"]
[Black "Tiqr777"]
[Result "1-0"]
[WhiteElo "2322"]
[BlackElo "2481"]
[TimeControl "180+2"]
[EndTime "13:58:03 PST"]
[Termination "LLRChess won by resignation"]

1. f4 g6 2. Nf3 Bg7 3. g3 d5 4. Bg2 c5 5. O-O Nc6 6. d3 Nf6 7. Nc3 d4 8. Na4 Nd7 9. Ng5 O-O 10. Ne4 Qa5 11. c4 dxc3 12. Naxc3 Nf6 13. Nxf6+ Bxf6 14. Nd5 Bg7 15. Bd2 Qd8 16. Bc3 e6 17. Bxg7 Kxg7 18.
Nc3 Bd7 19. Rc1 Rc8 20. Qd2 f5 21. Nb5 Qf6 22. e3 b6 23. Nd6 Rc7 24. Nc4 Rd8 25. Bxc6 Bxc6 26. Ne5 Ba8 27. b4 Qe7 28. Qc3 Kg8 29.
Rf2 Rdc8 30. Rfc2 Qd6 31. Qc4 Bd5 32. Qb5 Ba8 33. Qc4 Bd5 34. Qb5 Bb7 35. Qc4 a6 36. d4 Qe7 37. bxc5 bxc5 38. dxc5 Bd5 39. Qb4 Be4 40.
Rc3 Rb7 41. Qd4 Rb2 42. Ng4 Rg2+ 43. Kf1 fxg4 44. Qxe4 Rxh2 45. c6 Qd6 46. Rd3 Qe7 47. c7 Qf6 48. Qb7 Qb2 49. Qxb2 1-0

[Event "*** Titled Tuesday Blitz"]
[Site "Chess.com"]
[Date "2019.03.05"]
[Round "4"]
[White "DrRiebert"]
[Black "chenrip"]
[Result "1-0"]
[WhiteElo "2440"]
[BlackElo "2316"]
[TimeControl "180+2"]
[EndTime "13:58:09 PST"]
[Termination "DrRiebert won by resignation"]

1. e4 e6 2. d4 d5 3. Nc3 Bb4 4. e5 c5 5. a3 Bxc3+ 6. bxc3 Ne7 7. Qg4 Kf8 8. a4 Qa5 9. Bd2 c4 10. Nh3 b5 11. Qf3 Nbc6 12. Ng5 Nd8 13. Be2 h6 14. Nh3 bxa4 15. O-O Rb8 16. Bc1 Kg8 17. Ba3 Nf5 18. Bb4 Qb5 19. Bc5 a5 20. Nf4 Bd7 21. Nh5 Nb7 22.
Ba3 Nd8 23. g4 Nh4 24. Qg3 Ng6 25. f4 Nc6 26. f5 Nf8 27. g5 exf5 28. gxh6 Ng6 29.
hxg7 Rxh5 30. Bxh5 Kxg7 31. Qg5 Rg8 32. Rab1 Qa6 33.
Kh1 Nxe5 34. dxe5 d4 35. Bf3 d3 36. Bd6 dxc2 37. Rbc1 Rh8 38. Rxc2 Bc6 39. Qxf5 Qb7 40. Qf6+ Kg8 41. Rg2 Rh6 42. Bxc6 Qxc6 43. Qxf7+ Kh8 44. Qf6+ Kh7 45. Qf7+ Kh8 46. Qf6+ Kh7 47. Qf3 Qxf3 48. Rxf3 Nh4 49. Rf7+ Kh8 50. Rf8+ Kh7 51. Rf7+ Kh8 52. Rg4 a3 53. Bxa3 a4 54. e6 Ng6 55. Rxg6 Rxh2+ 56. Kg1 Rg2+ 57. Kf1 Rg1+ 58. Kf2 Rf1+ 59. Ke3 Re1+ 60. Kd4 Re4+ 61. Kc5 Re5+ 62. Kd6 Rd5+ 63. Ke7 Rd7+ 64. Kf6 Rxf7+ 65. exf7 Kh7 66. Rg7+ Kh6 1-0

[Event "*** Titled Tuesday Blitz"]
[Site "Chess.com"]
[Date "2019.03.05"]
[Round "4"]
[White "Fy_Rakotomaharo"]
[Black "LearningChess2019"]
[Result "0-1"]
[WhiteElo "2594"]
[BlackElo "2373"]
[TimeControl "180+2"]
[EndTime "13:58:12 PST"]
[Termination "LearningChess2019 won by resignation"]

1. d4 Nf6 2. c4 e6 3. Nc3 Bb4 4. e3 O-O 5. Ne2 d5 6. a3 Be7 7. cxd5 exd5 8. Nf4 c6 9. Bd3 Re8 10. O-O Bd6 11. f3 Nbd7 12. e4 c5 13. Ncxd5 cxd4 14. Nxf6+ Nxf6 15. Bc4 Qc7 16. Qb3 a6 17. g3 b5 18. Bd5 Bb7 19. Bxb7 Qxb7 20. Nd3 Nd7 21. Bd2 Nc5 22. Nxc5 Bxc5 23. Qd3 Rac8 24. Rac1 Re6 25. Rc2 Rec6 26. Rfc1 Bb6 27. Kf1 Rxc2 28. Rxc2 Rxc2 29. Qxc2 Qd7 30. Qd3 h5 31. Kg2 a5 32. b3 Kh7 33.
Bc3 a4 34. bxa4 bxa4 35. Bb2 Bc5 36. h3 Qe6 37. e5+ g6 38. f4 Qa2 39. Qd2 Bxa3 40.
Bc1 Qxd2+ 41. Bxd2 Bb2 42. Bb4 a3 43. Bxa3 Bxa3 44. Kf3 Bb2 45. Ke4 Kg7 46. g4 hxg4 47.
hxg4 Kf8 48. f5 gxf5+ 49. gxf5 Ke7 50. Kd3 Bc3 51. Kc2 Kd7 52. Kd3 Kc6 53. Ke4 Kd7 54.
Kd3 Ke7 55. Ke4 f6 56. e6 Kd6 57. Kd3 Bb2 58. Kc2 Ba3 59. Kb3 d3 60. Kc3 Ke5 0-1